 Dungeon Crawl Stone Soup version 0.23.1 (webtiles) character file.

Game seed: 5709014835764428081

109 Borgoz the Sneak (level 4, -11/35 HPs)
             Began as a Ghoul Enchanter on Mar 3, 2019.
             Mangled by Menkaure (16 damage)
             ... on level 4 of the Dungeon.
             The game lasted 00:03:55 (2193 turns).

Borgoz the Sneak (Ghoul Enchanter)                  Turns: 2193, Time: 00:03:55

Health: -11/35     AC:  9    Str: 11    XL:     4   Next: 90%
Magic:  6/6        EV: 12    Int: 10    God:
Gold:   123        SH:  0    Dex: 10    Spells: 6/7 levels left

rFire    . . .     SeeInvis .   k - +1 dagger (protect)
rCold    + . .     Gourm    .   (no shield)
rNeg     + + +     Faith    .   b - +0 robe
rPois    ∞         Spirit   .   (no helmet)
rElec    .         Reflect  .   (no cloak)
rCorr    .         Harm     .   (no gloves)
MR       .....                  (no boots)
Stlth    ++........             (no amulet)
HPRegen  0.00/turn              (no ring)
MPRegen  0.10/turn              (no ring)

@: protection aura, rotting
A: rotting body, claws 1, carnivore, cold resistance 1, negative energy
resistance 3, inhibited regeneration, torment resistance, unbreathing
a: no special abilities


You were on level 4 of the Dungeon.
You were not hungry.

You visited 1 branch of the dungeon, and saw 4 of its levels.

You collected 123 gold pieces.

Inventory:

Hand Weapons
 a - a +1 dagger
 k - a +1 dagger of protection (weapon)
Missiles
 o - 2 exploding tomahawks (quivered)
Armour
 b - a +0 robe (worn)
Scrolls
 h - a scroll of remove curse
 l - a scroll of blinking
Potions
 c - 2 potions of magic
 e - 2 potions of curing
 j - a potion of haste
 p - a potion of brilliance
Comestibles
 d - 8 rations
 f - 3 chunks of flesh


   Skills:
 + Level 1.3 Fighting
 * Level 1.9 Short Blades
 + Level 1.0 Armour
 * Level 2.6 Dodging
 + Level 3.6 Stealth
 + Level 2.1 Spellcasting
 + Level 2.7 Hexes


You had 6 spell levels left.
You knew the following spells:

 Your Spells              Type           Power        Failure   Level  Hunger
a - Corona                Hex            #......      11%         1    ##.....

Your spell library contained the following spells:

 Spells                   Type           Power        Failure   Level  Hunger
 Ensorcelled Hibernation  Hex/Ice        #.....       26%         2    ###....
 Confuse                  Hex            #.......     30%         3    ####...
 Tukima's Dance           Hex            #.......     30%         3    ####...
 Dazzling Spray           Conj/Hex       #.....       47%         3    ####...


Dungeon Overview and Level Annotations

Branches:
Dungeon (4/15)
 Temple: D:4-7

Altars:
Uskayaw
Yredelemnul

Annotations:
D:4 Menkaure


Innate Abilities, Weirdness & Mutations

Your body is rotting away.
You thrive on raw meat.
You are immune to poison.
You have sharp fingernails.
You are carnivorous and can eat meat at any time.
Your flesh is cold resistant. (rC+)
You are immune to negative energy. (rN+++)
You do not regenerate when monsters are visible.
You are immune to unholy pain and torment.
You can survive without breathing.


Message History

Found a stone staircase leading down.
You barely miss Menkaure.
Menkaure mumbles some strange words.
Menkaure seems to speed up.
It was a potion of cancellation.
You feel magically purged.
You hear the slow rusting of a drain nearby.
Menkaure hits you!
It was a potion of heal wounds.
You feel much better. Menkaure hits you! Menkaure hits you.
You hit Menkaure.
Your weapon exudes an aura of protection.
Menkaure is lightly damaged.
Menkaure hits you!
* * * LOW HITPOINT WARNING * * *
Some of the chunks of flesh in your inventory have rotted away.
You hit Menkaure but do no damage.
Menkaure is lightly damaged.
Menkaure hums, "From dust you came, to dust you will return."
Menkaure hits you!
You die...

# ###### . #.
#....#
>...#.#####....#
#.....@.......#
#.....M.###....#
........###....#
#.#..#####.....#
. ##. #.#####
###.#####.#
.......#..#
#........#
.##......##


You could see Menkaure.

Vanquished Creatures
  A worker ant (D:4)
  5 adders
  2 worms
  An orc (D:3)
  6 bats
  3 giant cockroaches
  2 goblins (D:3)
  5 hobgoblins
  2 jackals (D:3)
  3 kobolds
  2 gnoll zombies (D:2)
  7 rats
39 creatures vanquished.

Vanquished Creatures (others)
  12 toadstools (D:2)
12 creatures vanquished.

Grand Total: 51 creatures vanquished

Notes
Turn   | Place    | Note
-------+----------+-------------------------------------------
     0 | D:1      | Borgoz the Ghoul Enchanter began the quest for the Orb.
     0 | D:1      | Reached XP level 1. HP: 14/14 MP: 2/2
     1 | D:1      | Noticed an electric eel
   126 | D:1      | Reached skill level 1 in Short Blades
   351 | D:1      | Reached XP level 2. HP: 20/20 MP: 3/3
   916 | D:2      | Reached XP level 3. HP: 15/27 MP: 4/4
  1366 | D:2      | Found a basalt altar of Yredelemnul.
  1419 | D:2      | Noticed an ogre
  1531 | D:2      | Reached skill level 1 in Fighting
  1648 | D:2      | Found a hide-covered altar of Uskayaw.
  1936 | D:3      | Reached XP level 4. HP: 29/35 MP: 6/6
  2162 | D:4      | Reached skill level 1 in Armour
  2185 | D:4      | Noticed Menkaure
  2193 | D:4      | Mangled by Menkaure

Skill      XL: |  1  2  3  4 |
---------------+-------------+-----
Short Blades   | 1 |  1.9
Dodging        | 2 |  2.6
Spellcasting   | 2 |  2.1
Fighting       | 1 |  1.3
Armour         | 1 |  1.0
Stealth        | |  3.6
Hexes          | |  2.7

Action                   |  1- 3 |  4- 6 || total
-------------------------+-------+-------++-------
Melee: Dagger            |   184 |    65 ||   249
  Use: Scroll            |     3 |     4 ||     7
       Potion            |       |     2 ||     2
 Stab: Sleeping          |     5 |       ||     5
       Distracted        |       |     1 ||     1
  Eat: Chunk             |     5 |     6 ||    11
Armor: Robe              |    73 |    16 ||    89
Dodge: Dodged            |   144 |    33 ||   177
